Map: Cactus Valley LE (Void)

Players

Musumeci

  • Race: Zerg Zerg
  • League: Diamond
  • Spawn Location: 7:00

toko - Winner!

  • Race: Terran Terran
  • League: Diamond
  • Spawn Location: 11:00

VOD

Have the link to the VOD?

Description

Time

  • Played on: Feb. 11, 2017, 3:51 p.m.
  • Length: 6:02
Show
View Real Time Build Order
Export as new Build Order

Musumeci Zerg 

Build Orders: Pool First 

Get SALT Encoding   

  12  0:01  Drone  
  13  0:08  Drone  
  14  0:23  Extractor  
  14  0:24  Extractor  
  14  0:25  Drone  
  15  0:36  Spawning Pool  
  15  0:39  Drone, Extractor  
  15  0:45  Overlord  
  15  1:17  Hatchery  
  14  1:31  Zergling x6  
  17  1:50  Hatchery  
  17  1:54  Zergling x2  
  17  1:59  Zergling x2  
  18  2:03  Zergling x2  
  19  2:14  Zergling x2  
  20  2:34  Queen, Zergling x2  
  23  2:43  Zergling x4  
  23  2:58  Zergling x4  
  23  3:00  Spine Crawler  
  21  3:06  Zergling x2  
  18  3:23  Zergling x2  
  18  3:24  Zergling x2  
  18  3:29  Extractor x2  
  15  3:35  Zergling x2  
  13  3:56  Overlord x2  
  12  4:04  Queen  
  15  4:10  Drone x3  
  17  4:18  Hatchery  
  16  4:25  Drone  
  16  4:30  Metabolic Boost  
  17  4:37  Zergling x2  
  18  4:46  Zergling x2  
  19  4:55  Zergling x2  
  20  5:00  Queen  
  22  5:11  Zergling x2  
  23  5:16  Zergling x6  
  26  5:34  Zergling x4  
Show
View Real Time Build Order
Export as new Build Order

toko Terran - Winner!

Build Orders: Cyclone Opening 

Get SALT Encoding   

  12  0:00  SCV  
  13  0:13  SCV  
  14  0:19  Supply Depot  
  14  0:24  Refinery  
  14  0:27  SCV  
  15  0:41  SCV  
  16  0:45  Barracks  
  16  0:53  SCV  
  17  1:05  SCV  
  18  1:17  SCV  
  19  1:29  SCV  
  19  1:32  Marine  
  21  1:37  Factory, Supply Depot  
  21  1:41  SCV  
  22  1:51  Marine  
  23  1:59  Orbital Command  
  23  2:01  Supply Depot  
  23  2:14  Marine  
  24  2:21  Cyclone  
  27  2:32  Marine  
  24  3:08  Cyclone  
  26  3:23  Marine  
  26  3:26  Supply Depot  
  27  3:33  SCV  
  28  3:39  Refinery  
  28  3:41  Marine  
  28  3:55  Cyclone  
  28  3:59  Marine  
  31  4:08  Command Center  
  30  4:11  SCV  
  31  4:22  Marine  
  31  4:23  SCV  
  33  4:30  Cyclone  
  36  4:39  SCV  
  36  4:41  Marine  
  38  4:52  SCV  
  39  5:02  Widow Mine  
  39  5:03  Marine  
  39  5:04  Starport  
  42  5:19  SCV  
  42  5:21  Orbital Command, Supply Depot  
  43  5:22  Marine  
Tags
 
Add a new tag
Caveats
  • Supply blocks, unpowered buildings, or Contaminate may cause inaccurate times.
  • Supply counts are checked every 10 seconds.